Description

This is an all-in build order featured by ViBE's Zerge Bronze to GM Series - Diamond 3 to Diamond 2. You can visit the stream.

This is a 16/18/17, 3 base, 1 extractor build that features 9 roaches at 4:00, followed by a speedling flood behind it once you run out of gas.

Keeping 1 done on gas allows you to tech later on in the event your all-in did not work out.

Replay - Handsome v ViBE - Zen LE

Build Order

Get SALT Encoding   

  12  0:01  Drone  Initial Overlord --> Opponent's Natural Area
  13  0:14  Overlord  
  13  0:18  Drone  
  14  0:32  Drone x2  
  16  0:51  Hatchery  
  16  0:54  Drone x2  
  16  1:01  Drone  
  18  1:12  Extractor  
  18  1:17  Spawning Pool  
  16  1:20  Drone x2  Send to Extractor (1/3), Send to Extractor (2/3)
  18  1:31  Drone  Send to Extractor (3/3)
  19  1:42  Overlord  
  20  2:04  Queen x2  
  26  2:16  Metabolic Boost  
  28  2:24  Zergling x2  Make One Zergling to Scout Base / Decide if You Need Roaches Earlier
  30  2:35  Overlord  
  35  3:01  Hatchery  
  35  3:02  Roach Warren  
  33  3:17  Overlord x2  
  33  3:29  Queen  @ 200 Gas, Pull 2 Drones from the Extractor (1/3) and Send to Mine
  35  3:43  Roach x6  
  47  3:50  Roach  
  49  3:56  Roach x2  You Should Have 0 Gas
  49  4:00  Zergling x6  Don't Stop Making Zerglings
  56  4:08  Zergling x4  
  58  4:17  Zergling x8  
Spawning Tool Build Advisor. Get it on Overwolf

Analysis

I have added notes to the build order regarding when to pull drones off of gas, scouting, etc.

During your attack, if your lings die, fall back a bit until the reinforcement lings arrive, and then go back in.

Go to:

Details

  • Created by: chillingspree
  • Published on: Feb 06, 2020
  • Modified on: Feb 17, 2020
  • Patch: 4.11.0
Show
View Real Time Build Order
Export as new Build Order

Comments (0)

There are no comments. Be the first!

Create an account to comment!